 Dungeon Sprint DCSS version 0.18.1-1-g2f07953 (webtiles) character file.

69 pipel the Cleaver (level 7, 56/75 HPs)
             Began as a Deep Dwarf Berserker on May 7, 2016.
             Was a Follower of Trog.
             Quit the game in the Dungeon (Sprint VI: "Thunderdome").
             The game lasted 00:06:01 (554 turns).

pipel the Cleaver (Deep Dwarf Berserker)             Turns: 554, Time: 00:06:01

Health: 56/75      AC:  2    Str: 34    XL:     7   Next: 26%
Magic:  8/8        EV: 18    Int: 12    God:    Trog [*.....]
Gold:   130        SH:  2    Dex: 15    Spells: 0 memorised, 6 levels left

rFire  . . .     SeeInvis .     a - +0 hand axe
rCold  . . .     Gourm    .     b - +0 animal skin
rNeg   + . .     Faith    .     (no shield)
rPois  .         Spirit   .     (no helmet)
rElec  .         Dismiss  .     (no cloak)
rCorr  .         Reflect  +     (no gloves)
SustAt .         Harm     .     (no boots)
MR     ++...     NoTele   +     q - amulet "Powneqave" {Reflect +Fly rF- Str+4 Int+2 SH+2}
Stlth  ++........               p - ring of Liraobb {*Contam Str+5 Int+2 Dex+2}
                                r - ring "Muen" {rF+ rN+ MR+ Str+4}

@: exhausted, non-regenerating, diseased, slowed, very slow, very resistant to
hostile enchantments, unstealthy
A: damage resistance, recharge devices, sense surroundings 1, slow regeneration
3
a: Device Recharging, Berserk, Burn Spellbooks, Renounce Religion, Evoke Flight


You were in the Dungeon.
You worshipped Trog.
Trog was aware of your devotion.
You were not hungry.

You visited 1 branch You collected 310 gold pieces.
You spent 180 gold pieces at shops.

Inventory:

Hand Weapons
 a - a +0 hand axe (weapon)
 s - a +1 flail of freezing
Armour
 b - a +0 animal skin (worn)
Jewellery
 o - the ring "Zecvugh" {Str-3 Dex+3 SInv Stlth-}
   (You bought it in a shop in the Dungeon)

   [ring of loudness]

   It affects your strength (-3).
   It affects your dexterity (+3).
   It lets you see invisible.
   It makes you less stealthy.
 p - the ring of Liraobb (right hand) {*Contam Str+5 Int+2 Dex+2}
   (You bought it in a shop in the Dungeon)

   [ring of intelligence]

   It affects your strength (+5).
   It affects your intelligence (+2).
   It affects your dexterity (+2).
   It causes magical contamination when unequipped.
 q - the amulet "Powneqave" (around neck) {Reflect +Fly rF- Str+4 Int+2 SH+2}
   (You bought it in a shop in the Dungeon)

   [amulet of reflection]

   It shields you and reflects attacks.
   It affects your strength (+4).
   It affects your intelligence (+2).
   It makes you vulnerable to fire.
   It lets you fly.
   It affects your SH (+2).
 r - the ring "Muen" (left hand) {rF+ rN+ MR+ Str+4}
   (You bought it in a shop in the Dungeon)

   [ring of protection from magic]

   It affects your strength (+4).
   It protects you from fire.
   It protects you from negative energy.
   It affects your resistance to hostile enchantments.
Wands
 c - a wand of heal wounds (3/9)
 l - a wand of acid (0/15)
 m - a wand of iceblast (5/15)
Scrolls
 j - 4 scrolls of blinking
 n - 3 scrolls of fog
Potions
 e - a potion of curing
 g - 4 potions of haste
 h - 2 potions of magic
 i - a potion of berserk rage
 k - a potion of resistance


   Skills:
 + Level 8.8 Fighting
 + Level 10.2 Axes
 - Level 1.0(5.9) Maces & Flails
 + Level 4.6 Armour
 + Level 9.2 Dodging
 + Level 1.8 Stealth
 + Level 2.4 Evocations


You had 6 spell levels left.
You didn't know any spells.

Dungeon Overview and Level Annotations

Branches:
Dungeon (1/1)

Altars:
Cheibriados
Dithmenos
Fedhas
Gozag
Kikubaaqudgha
Makhleb
Okawaru
Pakellas
Qazlal
Ru
Sif Muna
Trog
Vehumet
Xom
Yredelemnul
Zin
The Shining One
Jiyva
Lugonu

Shops:
D *[%??*?*:[((!!!!


Innate Abilities, Weirdness & Mutations

You are resistant to damage.
You can recharge devices by infusing magical energy.
You passively map a small area around you.
You do not regenerate naturally.


Message History

You continue eating. x2 10...
You finish eating.
That bread ration really hit the spot!
What do you say? t - Shout!
Orders for allies: a - Attack new target. r - Retreat! s - Stop attacking. w - Wait here. f - Follow me.
Anything else - Stay silent.
You shout for attention! 5... 4... 3... 2... 1...
Time's up!
The arena falls silent.
You lost your score multiplier.
You now have 69 arena points (gained 15).
You now have 130 gold pieces (gained 30).
Are you sure you want to abandon this character and quit the game? (Confirm with "yes".)

##.....## ##∩.....∩##
#∩.......∩# #_........#
#_........# #_......._#
###.........### #⌠...........⌠#
######.8..@......8.######
##∩___......###....[.___∩##
###∩........8.# #.8........∩##
##.............###.............
#⌠..........###...###..........
#⌠.....[....# #.<.# #..........
#⌠..........###...###..........
##.............###.............
###∩........8.# #.8........∩##


There were no monsters in sight!

Vanquished Creatures
  A guardian mummy (D)
  Menkaure (D)
  A phantom (D)
  A necrophage (D)
  2 wights (D)
  2 mummies (D)
  2 bat skeletons (D)
  A bat zombie (D)
  A giant gecko skeleton (D)
  A jackal skeleton (D)
  2 quokka skeletons (D)
15 creatures vanquished.

Notes
Turn   | Place    | Note
--------------------------------------------------------------
     0 | D        | pipel the Deep Dwarf Berserker began the quest for the Orb.
     0 | D        | Reached XP level 1. HP: 20/20 MP: 1/1
     1 | D        | Found an opulent altar of Gozag.
     1 | D        | Found a deep blue altar of Sif Muna.
     3 | D        | Found a corrupted altar of Lugonu.
     3 | D        | Found a blossoming altar of Fedhas.
     4 | D        | Found Plog's Identification Station.
     4 | D        | Found a snail-covered altar of Cheibriados.
     4 | D        | Found a bloodstained altar of Trog.
     4 | D        | Found Wiasybit's Bee Food.
     5 | D        | Found Ronwol's Advanced Armour.
     5 | D        | Found Biemno Iriji's Jewellery.
     5 | D        | Round 1.
     7 | D        | Found a sacrificial altar of Ru.
    13 | D        | Bought a pitted jade ring for 45 gold pieces
    13 | D        | Bought a steaming wooden ring for 45 gold pieces
    13 | D        | Bought a brightly glowing golden amulet for 45 gold pieces
    13 | D        | Identified the ring "Zecvugh" {Str-3 Dex+3 SInv Stlth-} (You bought it in a shop in the Dungeon)
    14 | D        | Identified the ring of Liraobb {*Contam Str+5 Int+2 Dex+2} (You bought it in a shop in the Dungeon)
    15 | D        | Identified the amulet "Powneqave" {Reflect +Fly rF- Str+4 Int+2 SH+2} (You bought it in a shop in the Dungeon)
    16 | D        | Bought a vibrating tin ring for 45 gold pieces
    17 | D        | Identified the ring "Muen" {rF+ rN+ MR+ Str+4} (You bought it in a shop in the Dungeon)
    23 | D        | Found a shimmering altar of Xom.
    24 | D        | Found Ximiqah's Premium Goods.
    25 | D        | Found Lyssuos's Miscellaneous Merchandise.
    25 | D        | Found Ydwiyri's Basic Armour.
    26 | D        | Found a burning altar of Makhleb.
    26 | D        | Found an ancient bone altar of Kikubaaqudgha.
    26 | D        | Found a viscous altar of Jiyva.
    26 | D        | Found Enuase's Weapon Rack.
    30 | D        | Found a shadowy altar of Dithmenos.
    31 | D        | Found an oddly glowing altar of Pakellas.
    33 | D        | Found Pauchoerph's Do-It-Yourself Clinic.
    33 | D        | Found a glowing golden altar of the Shining One.
    33 | D        | Found an iron altar of Okawaru.
    33 | D        | Found a radiant altar of Vehumet.
    33 | D        | Found Looraopp's Distillery.
    34 | D        | Found Miplupri's Bottled Wisdom.
    34 | D        | Found Qoejoo's Distillery.
    37 | D        | Found a glowing silver altar of Zin.
    38 | D        | Noticed a wight
    42 | D        | Killed a wight
    42 | D        | Reached skill level 5 in Axes
    42 | D        | Reached XP level 2. HP: 31/31 MP: 2/2
    42 | D        | Reached XP level 3. HP: 37/37 MP: 3/3
    44 | D        | Found Pemeselo's Staff Store.
    47 | D        | Found a basalt altar of Yredelemnul.
    47 | D        | Found a stormy altar of Qazlal.
    47 | D        | Found Alazuoq's Magic Scroll Shop.
    55 | D        | Found Roczesea's Must-Have Magic.
    55 | D        | Found Detz's Magic Scroll Shop.
   138 | D        | Noticed a phantom
   156 | D        | Killed a phantom
   156 | D        | Arena points: 12 (+12) [x2]
   156 | D        | Reached skill level 7 in Axes
   156 | D        | Reached skill level 1 in Maces & Flails
   156 | D        | Reached XP level 4. HP: 27/48 MP: 4/4
   199 | D        | Round 2.
   223 | D        | Reached skill level 5 in Dodging
   223 | D        | Reached XP level 5. HP: 23/56 MP: 5/5
   324 | D        | Noticed a necrophage
   335 | D        | Killed a necrophage
   335 | D        | Arena points: 54 (+42) [x3]
   335 | D        | Reached skill level 8 in Axes
   335 | D        | Reached skill level 1 in Evocations
   380 | D        | Round 3.
   447 | D        | Reached XP level 6. HP: 65/65 MP: 6/6
   458 | D        | Noticed Menkaure
   469 | D        | Killed Menkaure
   469 | D        | Reached skill level 9 in Axes
   469 | D        | Reached skill level 1 in Stealth
   523 | D        | Noticed a guardian mummy
   540 | D        | Killed a guardian mummy
   540 | D        | Reached skill level 10 in Axes
   540 | D        | Reached XP level 7. HP: 10/74 MP: 8/8
   552 | D        | Arena points: 69 (+15) [x1]
   554 | D        | Quit the game

Skill      XL: |  1  2  3  4  5  6 |
---------------+-------------------+-----
Fighting       | 4 6 7 8 |  8.8
Axes           | 5 7 8 10 | 10.2
Armour         | 3 4 |  4.6
Dodging        | 3 4 5 6 9 |  9.2
Maces & Flails | 1 |  1.0
Evocations     | 1 2 |  2.4
Stealth        | 1 |  1.8

Action                   |  1- 3 |  4- 6 |  7- 9 || total
-------------------------+-------+-------+-------++-------
Melee: Hand axe          |     3 |    56 |       ||    59
       Flail             |    12 |       |       ||    12
Invok: Berserk           |     1 |     2 |       ||     3
Evoke: Wand              |     1 |     4 |     2 ||     7
  Use: Potion            |       |     4 |       ||     4
  Eat: Bread ration      |       |       |     1 ||     1
Armor: Animal skin       |     2 |     6 |       ||     8
Dodge: Dodged            |     8 |    33 |       ||    41
Block: Other             |     1 |     2 |       ||     3
